Map: Bridgehead LE (Void)

Players

Member

  • Race: Terran Terran
  • League: Diamond

ImotoFantasy - Winner!

  • Race: Protoss Protoss
  • League: Gold

VOD

Have the link to the VOD?

Description

Time

  • Played on: Oct. 25, 2015, 3:48 p.m.
  • Length: 12:54
Show
View Real Time Build Order
Export as new Build Order

Member Terran 

Build Orders: MMM Bio 

Get SALT Encoding   

  12  0:01  SCV  
  13  0:13  SCV  
  14  0:18  Supply Depot  
  14  0:25  SCV  
  15  0:39  SCV  
  16  0:52  SCV  
  17  0:58  Barracks  
  17  0:59  Barracks  
  17  1:04  SCV  
  18  1:11  Supply Depot  
  18  1:16  SCV  
  19  1:23  Barracks  
  19  1:28  SCV  
  20  1:46  Marine  
  21  1:47  Orbital Command  
  21  1:49  Marine  
  22  2:03  Marine  
  22  2:05  Refinery  
  22  2:06  Marine  
  24  2:21  Marine  
  25  2:24  Bunker, Marine x2  
  25  2:29  SCV  
  26  2:39  Marine  
  26  2:41  Marine  
  26  2:42  Marine  
  27  2:57  SCV, Marine  
  25  2:59  Marine  
  25  3:01  Marine  
  26  3:09  SCV  
  27  3:15  Marine  
  27  3:17  Command Center  
  28  3:22  Marine  
  28  3:23  Marine  
  30  3:38  SCV  
  31  3:43  Factory  
  31  3:49  Supply Depot  
  31  3:51  Supply Depot  
  31  4:10  SCV  
  31  4:14  Refinery  
  31  4:15  Barracks Tech Lab  
  32  4:23  SCV  
  33  4:27  Bunker  
  33  4:30  Orbital Command  
  32  4:35  SCV  
  31  4:47  SCV  
  31  4:49  Marauder  
  31  5:03  SCV  
  31  5:06  Barracks Reactor  
  30  5:10  Marauder  
  30  5:15  Stimpack  
  30  5:19  Marine  
  30  5:20  SCV  
  30  5:21  Bunker  
  29  5:25  SCV, Widow Mine  
  29  5:31  Marauder  
  29  5:32  SCV  
  30  5:38  Marine  
  30  5:41  SCV  
  30  5:45  Barracks  
  30  5:46  Barracks  
  27  5:50  SCV  
  27  5:53  Marauder  
  27  5:54  Widow Mine  
  27  5:56  Marine  
  30  6:02  SCV  
  29  6:13  Marine  
  29  6:14  SCV, Marauder  
  32  6:31  Marine  
  26  6:43  Marauder  
  24  6:49  Marine  
  24  6:50  Marine  
  24  6:51  SCV  
  24  6:56  Widow Mine, Marine  
  27  7:03  SCV  
  27  7:11  Marine  
  25  7:15  Combat Shields  
  25  7:16  SCV  
  25  7:18  Marauder  
  25  7:19  Barracks Reactor, Barracks Tech Lab, SCV  
  25  7:22  Starport  
  28  7:28  SCV  
  28  7:29  Marine  
  28  7:38  SCV  
  28  7:39  Marauder  
  28  7:40  Marauder  
  28  7:55  Marine  
  28  7:56  Marine  
  27  8:00  Marauder  
  27  8:01  Marauder  
  31  8:13  Marine x2  
  28  8:21  Marauder  
  28  8:23  Marauder  
  29  8:31  Marine x2  
  31  8:39  Orbital Command  
  31  8:42  Marine, Medivac  
  34  8:49  Marine  
  32  8:56  Marine  
  32  8:58  Barracks  
  32  9:01  Marauder  
  35  9:07  SCV, Marine  
  35  9:08  SCV  
  38  9:12  Medivac  
  40  9:19  SCV, Widow Mine  
  40  9:23  SCV, Marine  
  45  9:35  Marine  
  45  9:37  Concussive Shells  
  46  9:40  Supply Depot  
  46  9:43  Marauder  
  48  9:49  Marauder  
  50  9:53  SCV  
  50  9:54  SCV, Starport Reactor  
  52  10:02  Marine  
  52  10:07  SCV  
  54  10:10  Marauder  
  56  10:15  Marauder  
  56  10:19  SCV  
  56  10:21  Supply Depot  
  58  10:30  Medivac  
  58  10:31  SCV  
  61  10:42  Medivac  
  63  10:43  SCV  
  63  10:48  SCV  
  65  10:51  Engineering Bay  
  65  10:52  Marine x2  
  65  10:53  Marauder  
  69  11:00  SCV  
  69  11:17  Marine  
  69  11:18  Marine  
  69  11:29  Supply Depot  
  69  11:32  Marauder x2  
  73  11:34  Marine  
  73  11:35  Marine  
  75  11:52  Marine  
  75  11:53  Marine  
  75  11:54  Marauder  
  77  12:00  SCV  
  77  12:01  Medivac x2  
  74  12:10  Marine  
  74  12:11  Marine  
  74  12:15  Marauder  
  51  12:28  Marine  
Show
View Real Time Build Order
Export as new Build Order

ImotoFantasy Protoss - Winner!

Build Orders:  

Get SALT Encoding   

  12  0:01  Probe (Chrono Boost)  
  13  0:15  Pylon  
  13  0:18  Probe (Chrono Boost)  
  15  0:28  Probe (Chrono Boost)  
  15  0:39  Probe (Chrono Boost)  
  16  0:43  Gateway  
  16  0:49  Probe (Chrono Boost)  
  17  0:50  Assimilator  
  17  1:00  Probe (Chrono Boost)  
  18  1:10  Probe (Chrono Boost)  
  19  1:19  Pylon  
  19  1:21  Probe (Chrono Boost)  
  20  1:32  Cybernetics Core  
  20  1:33  Probe (Chrono Boost)  
  20  1:36  Zealot (Chrono Boost)  
  23  1:50  Probe (Chrono Boost)  
  24  2:01  Pylon  
  24  2:04  Zealot (Chrono Boost)  
  26  2:08  Gateway  
  26  2:17  Mothership Core  
  28  2:27  Stalker (Chrono Boost)  
  28  2:53  Stalker (Chrono Boost)  
  26  3:09  Probe  
  26  3:10  Stalker (Chrono Boost)  
  26  3:12  Warp Gate  
  29  3:17  Assimilator  
  29  3:25  Stalker (Chrono Boost), Probe  
  32  3:36  Pylon  
  32  3:47  Probe  
  33  3:54  Stalker (Chrono Boost)  
  35  3:59  Probe  
  36  4:11  Probe  
  36  4:15  Nexus  
  37  4:23  Probe  
  38  4:35  Probe  
  39  4:47  Probe  
  40  4:55  Stalker (Chrono Boost)  
  40  4:59  Probe  
  43  5:11  Probe  
  46  5:16  Stalker (Chrono Boost)  
  46  5:27  Stalker (Chrono Boost)  
  48  5:29  Probe  
  48  5:31  Probe  
  50  5:41  Probe  
  53  5:46  Stalker (Chrono Boost)  
  51  5:52  Probe  
  51  5:54  Probe  
  53  6:10  Probe  
  53  6:12  Probe  
  53  6:17  Robotics Facility  
  49  6:52  Stalker x2, Probe  
  49  6:53  Probe  
  53  7:02  Forge  
  53  7:03  Probe  
  53  7:05  Probe  
  53  7:06  Nexus  
  53  7:17  Stalker x2  
  53  7:20  Probe, Pylon  
  53  7:22  Probe  
  59  7:23  Pylon  
  59  7:24  Assimilator  
  59  7:26  Assimilator  
  59  7:27  Assimilator  
  59  7:30  Pylon  
  59  7:31  Probe, Assimilator  
  59  7:34  Probe, Pylon  
  61  7:45  Stalker x2, Probe  
  61  7:46  Probe  
  65  7:55  Probe  
  64  7:58  Probe  
  64  7:59  Gateway  
  64  8:02  Gateway  
  64  8:04  Gateway, Protoss Ground Weapons Level 1 (Chrono Boost)  
  64  8:05  Forge  
  65  8:07  Pylon  
  65  8:10  Probe  
  65  8:12  Probe, Pylon  
  67  8:18  Pylon  
  67  8:23  Pylon  
  67  8:24  Probe  
  68  8:32  Stalker x2, Probe  
  68  8:33  Probe  
  72  8:36  Probe  
  72  8:39  Protoss Ground Armor Level 1 (Chrono Boost)  
  72  8:40  Twilight Council  
  75  8:43  Probe  
  75  8:44  Probe  
  78  8:48  Probe  
  78  8:49  Observer  
  78  8:54  Probe  
  74  8:56  Probe  
  74  9:00  Probe  
  76  9:04  Probe  
  76  9:09  Gateway  
  77  9:10  Stalker, Observer  
  77  9:11  Stalker x4  
  88  9:21  Robotics Facility  
  88  9:24  Stargate  
  88  9:27  Pylon  
  88  9:28  Protoss Ground Weapons Level 2 (Chrono Boost)  
  88  9:33  Pylon  
  88  9:34  Immortal  
  88  9:35  Zealot x3  
  88  9:36  Zealot x2  
  102  9:39  Blink (Chrono Boost)  
  102  9:41  Pylon  
  102  9:45  Pylon  
  102  9:55  Photon Cannon  
  102  9:57  Photon Cannon  
  102  10:02  Sentry x2, Photon Cannon  
  102  10:03  Zealot x3  
  112  10:07  Photon Cannon  
  112  10:10  Gateway  
  112  10:14  Gateway  
  112  10:24  Immortal  
  112  10:26  Immortal  
  119  10:56  Zealot x3  
  119  10:57  Zealot x3  
  131  11:06  Nexus  
  123  11:12  Pylon  
  115  11:38  Zealot x2  
  115  11:39  Zealot x5  
  127  11:45  Stalker  
  124  12:02  Stalker x2  
  124  12:03  Stalker x4  
  136  12:12  Stalker x2  
  122  12:51  Stalker x4  
  120  12:52  Stalker x4  
Tags
 
Add a new tag
Caveats
  • Supply blocks, unpowered buildings, or Contaminate may cause inaccurate times.
  • Supply counts are checked every 10 seconds.